 Dungeon Crawl Stone Soup version 0.21-a0-642-g5d013b2151 (webtiles) character file.

0 Manul the Ducker (level 1, 0/11 HPs)
             Began as a Spriggan Abyssal Knight on Dec 31, 2017.
             Was a Follower of Lugonu.
             Slain by an ufetubus (2 damage)
             ... on level 1 of the Abyss.
             The game lasted 00:01:45 (383 turns).

Manul the Ducker (Spriggan Abyssal Knight)           Turns: 383, Time: 00:01:46

Health: 0/11       AC:  2    Str:  3 (4)  XL:     1   Next: 0%
Magic:  3/3        EV: 18    Int:  9      God:    Lugonu [*.....]
Gold:   10         SH:  0    Dex: 15      Spells: 0/0 levels left

rFire    . . .     SeeInvis +   a - +2 short sword
rCold    . . .     Gourm    .   (shield restricted)
rNeg     . . .     Faith    .   b - +0 robe
rPois    .         Spirit   .   (helmet restricted)
rElec    .         Reflect  .   (no cloak)
rCorr    .         Harm     .   (gloves unavailable)
MR       .....     Rnd*Rage +   (boots unavailable) Stlth +.........Rnd*Tele +
                                (no amulet)
HPRegen  0.03/turn              (no ring)
MPRegen  0.08/turn              (no ring)

@: very quick
A: very small, unfitting armour, see invisible, [berserk 2], [deterioration 2],
[dopey 2], herbivore, speed 3, slow metabolism 2, [teleportitis 2], [weak 2],
[no potion heal 2], [subdued magic 2]
a: Depart the Abyss, Renounce Religion


You were on level 1 of the Abyss.
You worshipped Lugonu.
Lugonu was aware of your devotion.
You were not hungry.

You visited 0 branches of the dungeon, and saw 0 of its levels.
You visited the Abyss 1 time.

You collected 10 gold pieces.

Inventory:

Hand Weapons
 a - a +2 short sword (weapon)
Armour
 b - a +0 robe (worn)
Scrolls
 e - a scroll of fear {unknown}
Potions
 d - a potion of agility {unknown}
Comestibles
 c - a ration


   Skills:
 + Level 2.4 Fighting
 + Level 2.1 Short Blades
 + Level 3.5 Dodging
 + Level 1.7 Invocations


You couldn't memorise any spells.
You didn't know any spells.

Dungeon Overview and Level Annotations

Branches:
Dungeon (0/15)

Altars:


Innate Abilities, Weirdness & Mutations

You are very small and have problems with some larger weapons.
You are too small for most types of armour.
You have supernaturally acute eyesight. (SInv)
You are a herbivore.
You cover ground extremely quickly.
You need consume almost no food.
[You often lose your temper in combat.]
[Your body often deteriorates upon taking damage.]
[You are very dopey. (Int -4)]
[You are sometimes teleported next to monsters.]
[You are very weak. (Str -4)]
[Potions are poor at restoring your health.]
[Your spells are easier to cast, but less powerful.]


Message History

Found a ration.
A large abomination comes into view.
You hit the ufetubus.
The ufetubus is lightly wounded.
The ufetubus barely misses you. x2; The ufetubus completely misses you.
The ufetubus barely misses you.
You closely miss the ufetubus.
The ufetubus is lightly wounded.
The ufetubus misses you. The ufetubus hits you.
Your body deteriorates!
You feel weakened.
You closely miss the ufetubus.
The ufetubus is lightly wounded.
The ufetubus completely misses you. The ufetubus misses you.
The ufetubus hits you. x2
You hit the ufetubus.
The ufetubus is heavily wounded.
The ufetubus hits you.
* * * LOW HITPOINT WARNING * * *
The ufetubus hits you.
You die...

.. .# #.. ##.
..≈≈ ...
#..## ..
≈≈..##.#####
# ≈X....#
..##. #....#
..## #@# #
#.#.#.
##5###.#.#..#
#..#.##....##
#.#X§..## #.
##.#§§.#.....
♣.#≈.#..#....
.≈.##.#. #...
..#
≈≈.##.###..
..%..##≈.
#.##.X.


You could see a tentacled starspawn, a large abomination and an ufetubus.

Vanquished Creatures (others)
  2 starspawn tentacles (Abyss:1)
2 creatures vanquished.

Notes
Turn   | Place    | Note
-------+----------+-------------------------------------------
     0 | Abyss:1  | Manul the Spriggan Abyssal Knight began the quest for the Orb.
     0 | Abyss:1  | Reached XP level 1. HP: 11/11 MP: 3/3
   113 | Abyss:1  | Noticed a large abomination
   117 | Abyss:1  | Noticed a chaos spawn
   127 | Abyss:1  | Noticed a large abomination
   129 | Abyss:1  | Noticed an ancient zyme
   162 | Abyss:1  | Noticed a small abomination
   166 | Abyss:1  | Noticed a large abomination
   168 | Abyss:1  | Noticed an ancient zyme
   211 | Abyss:1  | Noticed a tentacled starspawn
   233 | Abyss:1  | Noticed a wretched star
   242 | Abyss:1  | Noticed a large abomination
   260 | Abyss:1  | Noticed a smoke demon
   262 | Abyss:1  | Noticed an eye of draining
   270 | Abyss:1  | Noticed a wretched star
   279 | Abyss:1  | Noticed a wretched star
   292 | Abyss:1  | Noticed an iron imp
   351 | Abyss:1  | Noticed a green very ugly thing
   353 | Abyss:1  | Noticed a tentacled starspawn
   379 | Abyss:1  | Noticed a large abomination
   383 | Abyss:1  | Slain by an ufetubus

Vault maps used:
Abyss:1:  evilmike_abyss_exit_vortex

Action                   || total
-------------------------++-------
Melee: Short sword       ||     4
  Use: Scroll            ||     2
Dodge: Dodged            ||     7

Table legend:
 A = Spawn XP
 B = Non-spawn XP
 C = Spawn XP percentage of total XP
 D = Spawn monster count
 E = Non-spawn monster count
 F = Spawn count percentage of total count
 G = Total turns spent on level
                    A         B        C        D         E        F      G
               +---------+---------+-------+---------+---------+-------+---------
         Total |       0 |       0 |   N/A |       0 |       0 |   N/A |   383
               +---------+---------+-------+---------+---------+-------+---------
               +---------+---------+-------+---------+---------+-------+---------
